 Dungeon Crawl Stone Soup version 0.20.1-1-g8b1a95d (webtiles) character file.

161 Jotun the Skirmisher (level 5, -3/61 HPs)
             Began as an Ogre Necromancer on Oct 25, 2017.
             Slain by an orc wizard
             ... wielding a +0 dagger
              (4 damage)
             ... on level 3 of the Dungeon.
             The game lasted 00:07:34 (3822 turns).

Jotun the Skirmisher (Ogre Necromancer)             Turns: 3822, Time: 00:07:35

Health: -3/61      AC:  3    Str: 12    XL:     5   Next: 42%
Magic:  2/8        EV: 10    Int: 17    God:
Gold:   93         SH:  0    Dex:  9    Spells: 7/8 levels left

rFire    . . .     SeeInvis .   v - -3 flail (curse)
rCold    . . .     Gourm    .   (no shield)
rNeg     + . .     Faith    .   a - +0 robe
rPois    .         Spirit   .   (helmet restricted)
rElec    .         Reflect  .   (no cloak)
rCorr    .         Harm     .   (gloves unavailable)
MR       .....                  (boots unavailable)
Stlth    +.........             (no amulet)
Regen    0.2/turn               j - ring of positive energy
MPRegen  0.2/turn               (no ring)

@: no status effects
A: unfitting armour, tough skin 1
a: no special abilities


You were on level 3 of the Dungeon.
You were not hungry.

You visited 1 branch of the dungeon, and saw 3 of its levels.

You collected 93 gold pieces.

Inventory:

Hand Weapons
 e - a +0 hand axe
 k - a +0 club
 v - a cursed -3 flail (weapon)
Missiles
 g - 2 steel javelins (quivered)
Armour
 a - a +0 robe (worn)
Jewellery
 j - a ring of positive energy (left hand)
Scrolls
 f - 2 scrolls of identify
 h - 2 scrolls of fog
 q - a scroll of blinking {unknown}
 r - a scroll of enchant armour {unknown}
 t - a scroll of amnesia {unknown}
Potions
 d - a potion of haste {unknown}
 l - a potion of brilliance {unknown}
 n - a potion of berserk rage {unknown}
 o - 2 potions of curing {unknown}
 s - a potion of magic {unknown}
 u - a potion of mutation {unknown}
Books
 b - a book of Necromancy

   Spells                             Type                      Level
   a - Pain                           Necromancy                   1
   b - Animate Skeleton               Necromancy                   1
   c - Vampiric Draining              Necromancy                   3
   d - Regeneration                   Charms/Necromancy            3
   e - Animate Dead                   Necromancy                   4
   f - Control Undead                 Necromancy                   4
Comestibles
 c - 2 bread rations
 i - 2 meat rations
 p - 5 chunks of flesh


   Skills:
 + Level 6.5 Fighting
 - Level 1.7 Dodging
 - Level 1.4 Stealth
 - Level 2.4 Spellcasting
 - Level 3.6 Necromancy


You had 7 spell levels left.
You knew the following spells:

 Your Spells              Type           Power        Failure   Level  Hunger
a - Pain                  Necr           ##..         4%          1    #......


Dungeon Overview and Level Annotations

Branches:
Dungeon (3/15)

Altars:


Innate Abilities, Weirdness & Mutations

You are too large for most types of armour.
You have tough skin. (AC +1)


Message History

You hit the orc.
You kill the orc!
The orc wizard points at you and mumbles some strange words.
The puff of flame hits you!
* * * LOW HITPOINT WARNING * * *
You closely miss the orc wizard. The orc wizard barely misses you.
You hit the orc wizard but do no damage.
The orc wizard hits you with a dagger.
* * * LOW HITPOINT WARNING * * *
The orc wizard hits you with a dagger.
* * * LOW HITPOINT WARNING * * *
You closely miss the orc wizard.
The orc wizard points at you and mumbles some strange words.
The puff of flame hits you!
* * * LOW HITPOINT WARNING * * *
Your magical contamination has completely faded away.
You sock the orc wizard!
The orc wizard is heavily wounded.
The orc wizard hits you with a dagger.
You die...

#.........# #.###.##
#.######..# #.# #.##
#..# #.# #... #..#
#.# #### ######..#
#.# #.......# #.#
#.###...###.######
#.# #............. #
#@# ##..(##.######
#.#o# #.#.##.# #
#.#.####.#.##.# ####
#........#.##.###...
###.######.##.##....
####.# #(##.###..#
#...(# #.##.# #.>#
#.#### ..##.# #..#
#.# #.# #..#


You could see an orc wizard.

Vanquished Creatures
  An orc priest (D:3)
  5 adders
  An ooze (D:2)
  4 worms (D:2)
  2 dart slugs
  2 leopard geckos
  6 orcs (D:3)
  A ball python (D:3)
  9 bats
  3 giant cockroaches
  6 goblins
  8 hobgoblins
  2 kobolds
  5 frilled lizards
  5 rats
60 creatures vanquished.

Notes
Turn   | Place    | Note
-------+----------+-------------------------------------------
     0 | D:1      | Jotun the Ogre Necromancer began the quest for the Orb.
     0 | D:1      | Reached XP level 1. HP: 16/16 MP: 3/3
    97 | D:1      | Reached skill level 1 in Fighting
   409 | D:1      | Reached skill level 2 in Fighting
   409 | D:1      | Reached XP level 2. HP: 28/28 MP: 5/5
   625 | D:1      | Reached skill level 3 in Fighting
  1457 | D:2      | Reached XP level 3. HP: 2/37 MP: 2/6
  2198 | D:2      | Reached skill level 4 in Fighting
  2723 | D:2      | Reached XP level 4. HP: 49/49 MP: 7/7
  2856 | D:2      | Reached skill level 5 in Fighting
  3611 | D:3      | Reached skill level 6 in Fighting
  3611 | D:3      | Reached XP level 5. HP: 45/59 MP: 3/8
  3821 | D:3      | HP: 1/61 [orc wizard/puff of flame (11)]
  3822 | D:3      | Slain by an orc wizard

Skill      XL: |  1  2  3  4 |
---------------+-------------+-----
Fighting       | 2 3 4 6 |  6.5
Dodging        | |  1.7
Stealth        | |  1.4
Spellcasting   | |  2.4
Necromancy     | |  3.6

Action                   |  1- 3 |  4- 6 || total
-------------------------+-------+-------++-------
Melee: Hand axe          |   149 |    77 ||   226
       Unarmed           |    15 |       ||    15
       Flail             |       |     9 ||     9
Throw: Javelin           |     9 |       ||     9
 Cast: Pain              |    35 |    38 ||    73
  Use: Scroll            |     4 |     2 ||     6
 Stab: Sleeping          |     2 |     4 ||     6
  Eat: Chunk             |     6 |     4 ||    10
Armor: Robe              |    66 |    40 ||   106
Dodge: Dodged            |   112 |    63 ||   175
